 Dungeon Crawl Stone Soup version 0.29.1-15-g9cfb28693d (webtiles) character file.

Game seed: 11713764585570214184

69 adizb the Trooper (level 3, -2/31 HPs)
             Began as a Demigod Fighter on Apr 22, 2023.
             Killed from afar by an orc wizard (6 damage)
             ... with a puff of flame
             ... on level 3 of the Dungeon.
             The game lasted 00:04:46 (1118 turns).

adizb the Trooper (Demigod Fighter)                 Turns: 1118, Time: 00:04:46

Health: -2/31      AC:  7    Str: 21    XL:     3   Next: 75%
Magic:  5/5        EV:  9    Int: 10    God:
Gold:   48         SH:  4    Dex: 13    Spells: 2/2 levels left

rFire   . . .      SeeInvis .   a - +0 war axe
rCold   . . .      Faith    .   c - +0 buckler
rNeg    . . .      Spirit   .   b - +0 scale mail
rPois   .          Reflect  .   (no helmet)
rElec   .          Harm     .   e - +0 cloak
rCorr   .          Rampage  .   (no gloves)
Will    .....                   (no boots)
Stlth   ..........              (no amulet)
HPRegen 0.10/turn               (no ring)
MPRegen 0.09/turn               (no ring)

@: no status effects
A: high MP 1, forlorn, divine attributes
a: no special abilities


You were on level 3 of the Dungeon.
You visited 1 branch of the dungeon, and saw 3 of its levels.

You collected 48 gold pieces.

Inventory:

Hand Weapons
 a - a +0 war axe (weapon)
Armour
 b - a +0 scale mail (worn)
 c - a +0 buckler (worn)
 e - a +0 cloak (worn)
Scrolls
 h - a scroll of teleportation {unknown}
 i - 2 scrolls of identify {unknown}
 j - a scroll of enchant armour {unknown}
Potions
 d - a potion of might
 f - a potion of cancellation {unknown}
 g - a potion of attraction {unknown}
 k - a potion of degeneration {unknown}


   Skills:
 * Level 3.3 Fighting
 * Level 2.6 Axes
 + Level 3.1 Armour
 + Level 3.0 Shields


You had 2 spell levels left.
You didn't know any spells.
Your spell library was empty.

Dungeon Overview and Level Annotations

Branches:
Dungeon (2/15)


Innate Abilities, Weirdness & Mutations

You have an increased reservoir of magic. (+10% MP)
You shall have no god before yourself.
Your divine heritage dramatically boosts your attributes as you level up.


Message History

You hit the orc.
The orc is heavily wounded.
You hit the orc.
You kill the orc!
You closely miss something. Something hits you. x2
You miss something. Something hits you but does no damage.
You barely miss something. Something hits you.
Something hits you but does no damage.
You hit something. Something hits you but does no damage.
You miss something. Something hits you but does no damage.
You barely miss something. Something hits you but does no damage.
Something hits you.
You closely miss something. Something hits you.
You closely miss something.
Something hits you but does no damage. x2
You miss something. Something hits you but does no damage.
You slash something! Something hits you.
You closely miss something. Something hits you. You block something's attack.
You miss something. Something hits you but does no damage.
You closely miss something.
Something hits you but does no damage. x2
You miss something. Something hits you.
You miss something. Something hits you but does no damage.
You barely miss something. Something hits you.
Something hits you but does no damage.
You hit something.
You hear some strange, mumbled words.
A magic dart appears from out of thin air!
The magic dart hits you.
* * * LOW HITPOINT WARNING * * *
You barely miss something. Something hits you.
* * * LOW HITPOINT WARNING * * *
You closely miss something. Something hits you but does no damage.
You hear some strange, mumbled words.
A magic dart appears from out of thin air!
The magic dart hits you.
* * * LOW HITPOINT WARNING * * *
You miss something.
You hear some strange, mumbled words.
A puff of flame appears from out of thin air!
The puff of flame hits you.
You die...

#########.##
############...@{......
#....†.........)####.##
#.#######....##.# #.#
#.#####.# #.# #.# #..
#.# #.# ###. #.# #.# ..
#.##### #.# .. #..)..#
#.# ...


There were no monsters in sight!

Vanquished Creatures
  2 adders (D:2)
  A worm (D:2)
  A dart slug (D:1)
  2 orcs (D:3)
  An endoplasm (D:1)
  A giant cockroach (D:2)
  3 goblins
  4 hobgoblins
  11 jackals
  A quokka (D:2)
  4 ball pythons
  2 bats
  4 frilled lizards
  3 kobolds (D:1)
40 creatures vanquished.

Notes
Turn   | Place    | Note
-------+----------+-------------------------------------------
     0 | D:1      | adizb the Demigod Fighter began the quest for the Orb.
     0 | D:1      | Reached XP level 1. HP: 18/18 MP: 3/3
   189 | D:1      | Reached XP level 2. HP: 21/25 MP: 4/4
   915 | D:2      | Reached XP level 3. HP: 26/31 MP: 5/5
  1059 | D:2      | You fall into a shaft and drop 1 floor!
  1118 | D:3      | Killed from afar by an orc wizard

Illustrated notes

Levels and vault maps discovered:
D:1:      dpeg_arrival_water_temple_mockup, layout_rooms,
          serial_co_window_serial, co_window_of_opportunity_a,
          co_window_corner_a, co_window_paths_b, co_window_corner_a,
          co_window_paths_a, co_window_paths_a, co_window_of_opportunity_a,
          co_window_corner_ca, co_window_broadway_c, co_window_corner_b,
          co_window_unsneaky_path_e, co_window_unsneaky_path_e,
          co_window_paths_e, shapermc_ecumenical_altar_ellora,
          minmay_misc_feat_iff, st_stairs_5
D:2:      layout_basic, basic_altar
D:3:      layout_loops_ring, nicolae_gozag_cash_rules_everything_around_me,
          serial_shops, nicolae_square_shop, corexii_leaking_fountain,
          serial_bayou_pond_a, grunt_ministairs_10, uniq_grinder

Skill      XL: |  1  2  3 |
---------------+----------+-----
Axes           | 2 |  2.6
Fighting       | 3 |  3.3
Armour         | 3 |  3.1
Shields        | 3 |  3.0

Action                   || total
-------------------------++-------
Melee: War axe           ||   125
Armor: Scale mail        ||    52
Dodge: Dodged            ||    64
Block: Buckler           ||    27
